 Dungeon Crawl Stone Soup version 0.29-a0-1052-g6990b1bffc (webtiles) character file.

Game seed: 13875244922369195908

47334 Pelinal the Nimble (level 14, -5/108 HPs)
             Began as a Merfolk Ice Elementalist on Aug 17, 2022.
             Was a Believer of Ashenzari.
             Collided with a crystal wall (7 damage)
             ... caused by a wretched star
             ... on level 2 of the Abyss on Aug 18, 2022.
             The game lasted 00:58:50 (25807 turns).

Pelinal the Nimble (Merfolk Ice Elementalist)      Turns: 25807, Time: 00:58:51

Health: -5/108     AC: 20    Str:  8    XL:     14   Next: 41%
Magic:  5/17       EV: 18    Int: 19    God:    Ashenzari [**....]
Gold:   1131       SH:  5    Dex: 14    Spells: 0/22 levels left

rFire   + . .      SeeInvis +   I - +2 trident (protect)
rCold   + . .      Faith    .   S - +0 buckler
rNeg    . . .      Spirit   .   h - +0 troll leather armour
rPois   .          Reflect  .   O - +2 helmet "Cynicism of Ashenzari" {Bglg, Alch} (curse)
rElec   .          Harm     .   J - scarf "Mantic Disgust" {rC+ rF+, Self, Fort} (curse)
rCorr   +          Rampage  .   K - +1 pair of gloves of Curses and Power {Str+3, Fort, Self} (curse)
Will    +....                   q - +0 pair of boots of the Chained Irritation {Bglg, Comp} (curse)
Stlth   ++........              (no amulet)
HPRegen 1.08/turn               y - ring of resist corrosion
MPRegen 0.15/turn               d - ring of flight

@: ice-armoured, under a protective aura, freezing walls, flying, unable to
drink
A: (nimble swimmer 2), mertail, [deformed body], [low MP 2], [weak 2], [subdued
magic 2], [inability to drink after injury 2]
a: Renounce Religion, Curse Item, Shatter the Chains


You were on level 2 of the Abyss.
You worshipped Ashenzari.
Ashenzari was pleased with you.
You visited 4 branches of the dungeon, and saw 18 of its levels.
You visited the Abyss 1 time.
You also visited: Volcano.

You collected 1131 gold pieces.

Inventory:

Hand Weapons
 I - a +2 trident of protection (weapon)
 Q - a +0 halberd
Missiles
 e - 5 curare-tipped darts
 j - 14 javelins
 m - 137 stones
 r - 17 poisoned darts (quivered)
Armour
 h - a +0 troll leather armour (worn)
 p - a +0 pair of gloves
 q - the cursed +0 pair of boots of the Chained Irritation (worn) {Bglg, Comp}
   (You found it on level 2 of the Dungeon)

   It has a curse which improves the following skills: Beguiling: Conjurations,
   Hexes and Translocations.
   Companions: Summonings and Necromancy.
 J - the cursed scarf "Mantic Disgust" (worn) {rC+ rF+, Self, Fort}
   (You found it on level 10 of the Dungeon)

   It has a curse which improves the following skills: Introspection: Fighting
   and Spellcasting.
   Fortitude: Armour and Shields.
 K - the cursed +1 pair of gloves of Curses and Power (worn) {Str+3, Fort, Self}
   (You found it on level 6 of the Dungeon)

   Str:       It affects your strength (+3).
   It has a curse which improves the following skills: Fortitude: Armour and
   Shields.
   Introspection: Fighting and Spellcasting.
 L - a scarf of repulsion
 M - a +1 cloak
 O - the cursed +2 helmet "Cynicism of Ashenzari" (worn) {Bglg, Alch}
   (You found it on level 9 of the Dungeon)

   It has a curse which improves the following skills: Beguiling: Conjurations,
   Hexes and Translocations.
   Alchemy:   Poison Magic and Transmutations.
 P - a +2 hat
 S - a +0 buckler (worn)
Jewellery
 d - a ring of flight (right hand)
 y - a ring of resist corrosion (left hand)
 D - a ring of ice
Wands
 b - a wand of mindburst (14)
 v - a wand of flame (10)
 A - a wand of digging (1)
 N - a wand of charming (3)
 T - a wand of iceblast (3)
Scrolls
 c - 3 scrolls of teleportation
 g - 5 scrolls of vulnerability
 k - 4 scrolls of silence
 s - 2 scrolls of poison
 t - 2 scrolls of immolation
 w - 4 scrolls of fear
 F - a scroll of magic mapping
 G - a scroll of amnesia
 R - a scroll of fog
Potions
 f - 2 potions of cancellation
 i - 7 potions of attraction
 n - 3 potions of brilliance
 o - a potion of might
 u - 2 potions of lignification
 x - 2 potions of resistance
 z - a potion of ambrosia
 B - a potion of invisibility
 C - a potion of haste
 E - a potion of mutation
 H - 2 potions of curing


   Skills:
 - Level 7.4(9.4) Fighting
 - Level 14.0 Polearms
 - Level 6.0 Throwing
 + Level 1.1(2.2) Armour
 + Level 14.8 Dodging
 - Level 4.4 Stealth
 + Level 3.6(5.3) Shields
 - Level 3.2(4.9) Spellcasting
 - Level 4.4(6.2) Conjurations
 - Level 5.8(7.1) Summonings
 - Level 4.0(5.2) Transmutations
 - Level 9.3 Ice Magic
 - Level 4.8 Air Magic
 - Level 9.0(10.2) Poison Magic
 - Level 5.0 Evocations


You couldn't memorise any spells.
You knew the following spells:

 Your Spells              Type           Power      Damage    Failure   Level
a - Freeze                Ice            100%       1d11      1%          1
b - Frozen Ramparts       Ice            50%        1d8       1%          3
c - Ozocubu's Armour      Ice            25%        N/A       1%          3
d - Sting                 Tmut/Pois      84%        1d7       1%          1
e - Poisonous Vapours     Pois/Air       40%        N/A       1%          2
f - Summon Ice Beast      Ice/Summ       22%        N/A       4%          4
g - Olgreb's Toxic Radia  Pois           27%        N/A       1%          4
h - Freezing Cloud        Conj/Ice/Air   9%         6-21      28%         5

Your spell library contained the following spells:

 Spells                   Type           Power      Damage    Failure   Level
 Magic Dart               Conj           68%        1d6       1%          1
 Call Imp                 Summ           19%        N/A       1%          2
 Static Discharge         Conj/Air       16%        3-5/arc   1%          2
 Mephitic Cloud           Conj/Pois/Air  19%        N/A       1%          3
 Ensorcelled Hibernation  Hex/Ice        28%        N/A       2%          2
 Wereblood                Tmut           15%        N/A       2%          2
 Foxfire                  Conj/Fire      40%        2x1d6     3%          1
 Hailstorm                Conj/Ice       21%        3d6       6%          4
 Conjure Flame            Conj/Fire      10%        6-21      13%         3
 Apportation              Tloc           6%         N/A       16%         1
 Necrotise                Necr           12%        1d4       16%         1
 Alistair's Intoxication  Tmut/Pois      14%        N/A       19%         5
 Sublimation of Blood     Necr           3%         N/A       24%         2
 Inner Flame              Hex/Fire       3%         N/A       45%         3
 Vampiric Draining        Necr           3%         2d6       45%         3
 Flame Wave               Conj/Fire      10%        2d6       45%         4
 Sticky Flame             Conj/Fire      10%        2d3       45%         4
 Cause Fear               Hex            1%         N/A       87%         4
 Dispel Undead            Necr           3%         3d7       87%         4
 Ozocubu's Refrigeration  Ice            12%        4d10      98%         7
 Agony                    Necr           3%         N/A       99%         5
 Simulacrum               Ice/Necr       7%         N/A       99%         6
 Dragon Form              Tmut           7%         N/A       100%        7
 Summon Hydra             Summ           9%         N/A       100%        7
 Dragon's Call            Summ           9%         N/A       100%        9


Dungeon Overview and Level Annotations

Branches:
Dungeon (11/15)            Temple (1/1) D:5            Lair (5/5) D:8
  Swamp (0/4) Lair:3        Snake (0/4) Lair:3        Slime (0/5) Lair:5
    Orc (1/2) D:9         Volcano (visited)

Altars:
Ashenzari
Cheibriados
Dithmenos
Elyvilon
Fedhas
Gozag
Hepliaklqana
Kikubaaqudgha
Nemelex Xobeh
Okawaru
Qazlal
Ru
Sif Muna
Trog
Uskayaw
Vehumet
Wu Jian
Xom
Yredelemnul
Zin
The Shining One

Shops:
D:1 *   D:7 (

Annotations:
D:2 1 runed translucent door, Crazy Yiuf


Innate Abilities, Weirdness & Mutations

((You are very nimble when in or above water. (Stealth+, EV+, Speed+++)))
Your lower body shifts to a powerful aquatic tail in water.
[Armour fits poorly on your strangely shaped body.]
[Your magical capacity is very low. (-20% MP)]
[You are very weak. (Str -4)]
[Your spells are easier to cast, but less powerful.]
[You sometimes lose the ability to drink potions when taking damage.]


Message History

You are too injured to fight recklessly!
Unknown command.
Reach: I) +2 trident (protect)
Press: ? - help, Dir - move target, f - hell hog
Aim: a hell hog (heavily wounded, catching its breath, about 27% to evade your +2 trident of protection)
You hit the hell hog.
The hell hog is heavily wounded.
The wall freezes the hell hog.
You block the hell hog's attack.
Unknown command.
Casting: Ozocubu's Armour (safe; 1% risk of failure)
Confirm with . or Enter, or press ? or * to list all spells.
Aiming: Freeze (safe; 1% risk of failure)
Press: ? - help, Shift-Dir - straight line, f/p - hell hog
Aim: a hell hog (severely wounded, catching its breath)
You freeze the hell hog!
The hell hog is severely wounded.
You can drink potions again.
The wretched star resists.
The wall freezes the wretched star.
The wall freezes the hell hog.
The hell hog bites you.
* * * LOW HITPOINT WARNING * * *
The wall freezes the wretched star but does no damage.
Unknown command.
Casting: Freeze (safe; 1% risk of failure)
Confirm with . or Enter, or press ? or * to list all spells.
Aiming: Freeze (safe; 1% risk of failure)
Press: ? - help, Shift-Dir - straight line, f/p - hell hog
Aim: a hell hog (almost dead, catching its breath)
You freeze the hell hog!
The hell hog is almost dead.
The wall freezes the hell hog.
You kill the hell hog!
The wretched star completely resists.
The wall freezes the wretched star but does no damage.
The wretched star glows turbulently.
The lance of force hits you!!
You feel threatened and lose the ability to drink potions!
* * * LOW HITPOINT WARNING * * *
You are knocked back by the lance of force.
You slam into the crystal wall!
You die...

** , , * , ,,*~~≈
,,. # .. * .≈♣~* # .
*. #.~≈#*, , > # ,
*, #.#~~ ###..... ,
** #.#~♣##~~.#. .*#
,,,,,##..≈~.#~.#....
..# *, #..#.~~~~.#
.#.# .# , , #..#@*.#
.###.. , ,
#...##.#~#... . # #
* #....~~##~ #.#.#..
. * #.#.###~#.~. . .
# ##....*~~#~ ...#.
, * ...# ..~.#**
#..# ,
*#..###.#.#.≈~~....,
. * . #.#~#,≈~♣~#
#... * ..##~~~~~~##*
...


You could see a wretched star.

Vanquished Creatures
  Snorg (Lair:3)
  A boulder beetle (Lair:1)
  5 hydras
  A catoblepas (Lair:5)
  2 two-headed ogres
  8 death yaks (Lair:5)
  2 tengu warriors (D:10)
  A deep troll shaman (Lair:5)
  A hell hog (Abyss:2)
  3 wizards (Volcano)
  2 toenail golems (Volcano)
  12 elephants
  6 black mambas
  3 torpor snails
  13 cane toads
  An unseen horror (D:7)
  A rime drake (Lair:5)
  5 komodo dragons
  A hellwing (Abyss:2)
  A troll (D:10)
  5 polar bears
  Grinder (D:6)
  A raiju (Abyss:2)
  6 dream sheep
  11 blink frogs
  A wraith (D:10)
  46 yaks
  A shadow (D:10)
  2 wyverns
  4 basilisks
  2 large abominations (Abyss:2)
  Menkaure (D:7)
  Edmund (D:5)
  10 water moccasins
  Duvessa (D:7)
  2 black bears
  An ice beast (D:7)
  6 orc warriors
  2 sky beasts
  2 ogres
  17 wolves
  A centaur (D:6)
  8 bullfrogs
  A scorpion (D:4)
  5 wights (D:8)
  A small abomination (Abyss:2)
  Dowan (D:7)
  9 killer bees
  A howler monkey (D:5)
  2 jellies
  A hound (D:7)
  12 orc priests
  A gnoll bouda (D:7)
  3 iguanas
  12 hell rats
  13 orc wizards
  4 gnolls (D:7)
  9 adders
  A shadow imp (D:5)
  A white imp (D:6)
  2 worms
  40 orcs
  5 bats
  7 endoplasms
  6 giant cockroaches
  4 goblins
  11 hobgoblins
  7 jackals
  2 quokkas
  9 ball pythons
  4 frilled lizards
  8 kobolds
  A rat (D:1)
  A spectral kobold (D:3)
386 creatures vanquished.

Vanquished Creatures (collateral kills)
  3 dream sheep (Lair:3)
  A swamp worm (Lair:3)
4 creatures vanquished.

Vanquished Creatures (others)
  A bush (Lair:5)
  58 fungi
  76 plants
135 creatures vanquished.

Grand Total: 525 creatures vanquished

Notes
Turn   | Place    | Note
-------+----------+-------------------------------------------
     0 | D:1      | Pelinal the Merfolk Ice Elementalist began the quest for
                  | the Orb.
     0 | D:1      | Reached XP level 1. HP: 13/13 MP: 3/3
   353 | D:1      | Reached XP level 2. HP: 17/19 MP: 5/5
   375 | D:1      | Reached skill level 5 in Ice Magic
   526 | D:1      | Found Wonel's General Store.
   648 | D:1      | Reached XP level 3. HP: 24/24 MP: 1/6
   695 | D:1      | Learned a level 3 spell: Frozen Ramparts
  2165 | D:2      | Reached XP level 4. HP: 30/30 MP: 3/7
  2226 | D:2      | Found a runed translucent door.
  2227 | D:2      | Identified the +4 hammer of the Secret Lives {speed, rPois
                  | rC+ Dex+2 Stlth-}
  2227 | D:2      | Noticed Crazy Yiuf
  2527 | D:3      | Reached XP level 5. HP: 22/35 MP: 1/9
  2631 | D:3      | Found a faded altar of an unknown god.
  2821 | D:3      | Reached XP level 6. HP: 24/41 MP: 6/10
  2880 | D:3      | Learned a level 3 spell: Ozocubu's Armour
  3227 | D:3      | Learned a level 1 spell: Sting
  3230 | D:3      | Learned a level 2 spell: Poisonous Vapours
  3658 | D:4      | Noticed a black bear
  3665 | D:4      | Killed a black bear
  3666 | D:4      | Reached skill level 1 in Transmutations
  3666 | D:4      | Reached skill level 1 in Air Magic
  3666 | D:4      | Reached skill level 1 in Poison Magic
  3750 | D:4      | Found a shadowy altar of Dithmenos.
  3892 | D:4      | Found a hazy altar of Hepliaklqana.
  3893 | D:4      | Found a shimmering altar of Xom.
  3894 | D:4      | Noticed a spectral ugly thing
  4026 | D:4      | Reached XP level 7. HP: 41/46 MP: 4/11
  4434 | D:5      | Entered Level 5 of the Dungeon
  4794 | D:5      | Noticed Edmund
  5451 | D:5      | Found a staircase to the Ecumenical Temple.
  5524 | D:5      | Killed Edmund
  5525 | D:5      | Reached XP level 8. HP: 51/52 MP: 0/12
  5554 | Temple   | Entered the Ecumenical Temple
  5777 | Temple   | Became a worshipper of Ashenzari the Shackled
  6414 | D:6      | Identified the +8 mace of Conscience {vorpal, rF+ rCorr
                  | Int-4}
  6492 | D:6      | Identified the +1 pair of gloves of the Orb Guardian
                  | {Str+3}
  6621 | D:6      | Noticed Grinder
  6638 | D:6      | Paralysed by Grinder for 5 turns
  6646 | D:6      | Killed Grinder
  6969 | D:6      | Noticed a kobold demonologist
  6970 | D:6      | Noticed an ice devil
  6998 | D:7      | Noticed Menkaure
  7061 | D:7      | Reached skill level 1 in Throwing
  7061 | D:7      | Reached skill level 1 in Evocations
  7372 | D:7      | Found a white marble altar of Elyvilon.
  7398 | D:7      | Found Het Peef's Weapon Shoppe.
  7551 | D:7      | Noticed Duvessa
  7551 | D:7      | Noticed Dowan
  7620 | D:7      | Killed Duvessa
  7621 | D:7      | Reached XP level 9. HP: 19/57 MP: 14/14
  7621 | D:7      | Killed Dowan
  7989 | D:7      | Found an ancient bone altar of Kikubaaqudgha.
  8061 | D:7      | Killed an unseen horror
  8545 | D:7      | Killed Menkaure
  8645 | D:8      | Reached skill level 5 in Dodging
  8664 | D:8      | Noticed a two-headed ogre
  8672 | D:8      | Reached * piety under Ashenzari
  8770 | D:8      | Noticed an elephant
  8771 | D:8      | Found a staircase to the Lair.
  8796 | D:8      | Reached skill level 1 in Polearms
  8810 | D:8      | Killed an elephant
  8813 | D:8      | Identified the cursed +0 robe "Vision of Ashenzari" {Self,
                  | Cun}
  9122 | Lair:1   | Entered Level 1 of the Lair of Beasts
  9175 | Lair:1   | Noticed a cane toad
  9183 | Lair:1   | Noticed a komodo dragon
  9194 | Lair:1   | Killed a cane toad
  9195 | Lair:1   | Reached XP level 10. HP: 14/63 MP: 5/16
  9539 | Lair:1   | Noticed a black mamba
  9798 | Lair:1   | Reached skill level 5 in Throwing
  9908 | Lair:1   | Reached skill level 5 in Polearms
  9908 | Lair:1   | Reached skill level 5 in Evocations
 10655 | Lair:1   | Noticed a cane toad
 10670 | Lair:1   | Killed a cane toad
 10851 | Lair:1   | Noticed a black mamba
 10858 | Lair:1   | Killed a black mamba
 11004 | Lair:1   | Noticed a boulder beetle
 11019 | Lair:1   | Killed a boulder beetle
 11020 | Lair:1   | Reached XP level 11. HP: 56/68 MP: 7/17
 11450 | Lair:2   | Reached skill level 10 in Dodging
 11836 | Lair:2   | Reached skill level 1 in Fighting
 12568 | Lair:2   | Identified the +4 dire flail of Sunlight {spect, Will+
                  | Str+7 SInv}
 12602 | Lair:2   | Identified a scroll of acquirement
 12629 | Lair:2   | Reached skill level 10 in Polearms
 12859 | Lair:2   | Noticed a six-headed hydra
 12890 | Lair:2   | Killed a six-headed hydra
 13207 | Lair:3   | Acquired the Discursus on Hypothermia
 13214 | Lair:3   | Identified the +11 morningstar of Valour {drain, rC+}
 13220 | Lair:3   | Found a staircase to the Snake Pit.
 13277 | Lair:3   | Noticed a five-headed hydra
 13285 | Lair:3   | Reached ** piety under Ashenzari
 13304 | Lair:3   | Killed a five-headed hydra
 13305 | Lair:3   | Reached skill level 5 in Fighting
 13526 | Lair:3   | Reached XP level 12. HP: 54/91 MP: 10/19
 13544 | Lair:3   | Noticed Snorg
 13563 | Lair:3   | Killed Snorg
 13872 | Lair:2   | Learned a level 4 spell: Summon Ice Beast
 14373 | Lair:3   | Found a staircase to the Swamp.
 14717 | Lair:3   | Reached skill level 1 in Summonings
 15908 | Lair:4   | Noticed a five-headed hydra
 15917 | Lair:4   | Killed a five-headed hydra
 17413 | Lair:5   | Entered Level 5 of the Lair of Beasts
 17413 | Lair:5   | Noticed a death yak
 17656 | Lair:5   | Reached XP level 13. HP: 79/103 MP: 1/21
 18109 | Lair:5   | Reached skill level 5 in Summonings
 18732 | Lair:5   | Found a staircase to the Slime Pits.
 19176 | Lair:5   | Reached skill level 1 in Conjurations
 19976 | Lair:5   | Reached skill level 5 in Poison Magic
 20435 | Lair:5   | Learned a level 4 spell: Olgreb's Toxic Radiance
 20757 | Lair:5   | HP: 5/103 [poisoned by a black mamba]
 22405 | D:8      | Reached XP level 14. HP: 94/110 MP: 13/22
 23113 | D:9      | Found a staircase to the Orcish Mines.
 23511 | D:9      | Found a sacrificial altar of Ru.
 23595 | D:9      | Found a bloodstained altar of Trog.
 23596 | D:9      | Found an opulent altar of Gozag.
 24038 | D:10     | Entered Level 10 of the Dungeon
 24301 | D:10     | Reached skill level 1 in Shields
 24390 | D:10     | Learned a level 5 spell: Freezing Cloud
 24414 | D:10     | Reached *** piety under Ashenzari
 25118 | Orc:1    | Entered Level 1 of the Orcish Mines
 25161 | Orc:1    | Found a dark tunnel.
 25170 | Volcano  | Entered a volcano
 25338 | Abyss:2  | Cast into level 2 of the Abyss (a wizard)
 25647 | Abyss:2  | Noticed an ancient lich
 25687 | Abyss:2  | Found a corrupted altar of Lugonu.
 25760 | Abyss:2  | Noticed a starcursed mass
 25796 | Abyss:2  | Reached skill level 1 in Armour
 25807 | Abyss:2  | HP: 2/108 [wretched star/lance of force (31)]
 25807 | Abyss:2  | Collided with a crystal wall

Illustrated notes

Levels and vault maps discovered:
D:1:      psy_arrival_heroes, layout_basic, serial_shops, shop
D:2:      layout_loops_ring, uniq_crazy_yiuf_cottage
D:3:      layout_basic, dreamdust_ecumenical_altar_drowned_temple,
          corexii_hall_statues_u
D:4:      layout_loops_ring, regret_index_temple_of_mockery,
          mainiacjoe_overflow_small_starburst, kennysheep_doodads,
          grunt_ministairs_14
D:5:      layout_layer_cave, minmay_temple_entry_trees, minmay_misc_feat_roman,
          uniq_edmund
D:6:      layout_rooms, makhleb_altar_promises_db, uniq_grinder
D:7:      layout_basic, kennysheep_little_box, kennysheep_mini_moat,
          serial_shops, nicolae_shop_bloodbath_and_beyond, uniq_duvessa,
          uniq_menkaure
D:8:      layout_rooms, david_lair_generic, kennysheep_generic_room_2
D:9:      layout_long_grid, minitemple, david_orc_2
D:10:     layout_gridville
D:11:     layout_long_grid, uniq_psyche
Temple:   hellmonk_temple_forest_ring
Lair:1:   layout_concentric_octagons
Lair:2:   layout_loops_ring, grunt_megastairs_5
Lair:3:   layout_cave_pods, minmay_swamp_entry_worms, dummy_snake_entry,
          infiniplex_staircase_pool_2, uniq_snorg
Lair:4:   layout_loops_ring, serial_bayou_ford_a, grunt_megastairs_4,
          serial_bayou_shore_a
Lair:5:   grunt_lair_end_beastmaster, layout_regular_city, slime_entry_1
Orc:1:    layout_diamond_mine, enter_volcano_2, nicolae_orc_sculptors_studio,
          uniq_urug, uniq_erolcha, uniq_nergalle
Abyss:2:  base: D:7, evilmike_abyss_exit_4
Volcano:  volcano_bunker

Skill      XL: |  1  2  3  4  5  6  7  8  9 10 11 12 13 14 |
---------------+-------------------------------------------+-----
Ice Magic      | 5 6 7 9 |  9.3
Spellcasting   | 3 |  3.2
Transmutations | 2 4 |  4.0
Air Magic      | 2 3 4 |  4.8
Poison Magic   | 1 3 4 9 |  9.0
Dodging        | 3 6 9 12 13 14 | 14.8
Throwing       | 1 4 6 |  6.0
Evocations     | 1 4 5 |  5.0
Stealth        | 3 4 |  4.4
Polearms       | 3 7 10 12 14 | 14.0
Fighting       | 5 7 |  7.4
Summonings     | 4 5 |  5.8
Conjurations   | 3 4 |  4.4
Shields        | 3 |  3.6
Armour         | 1 |  1.1

Action                   |  1- 3 |  4- 6 |  7- 9 | 10-12 | 13-15 || total
-------------------------+-------+-------+-------+-------+-------++-------
Melee: Mace              |    37 |    61 |    97 |       |       ||   195
       Punch             |       |       |     1 |     8 |     9 ||    18
       Trident           |       |       |    21 |   444 |   570 ||  1035
Throw: Stone             |    14 |       |     3 |       |       ||    17
       Dart              |       |       |       |    13 |     1 ||    14
       Javelin           |       |       |       |     3 |       ||     3
 Cast: Freeze            |    39 |    18 |    22 |    42 |    35 ||   156
       Frozen Ramparts   |     3 |     7 |    21 |    57 |    51 ||   139
       Ozocubu's Armour  |       |     5 |    14 |    54 |    58 ||   131
       Sting             |       |     1 |    23 |     2 |    10 ||    36
       Poisonous Vapours |       |       |    17 |    12 |    14 ||    43
       Summon Ice Beast  |       |       |       |     6 |       ||     6
       Olgreb's Toxic Ra |       |       |       |       |    51 ||    51
Invok: Curse Item        |       |       |     2 |     2 |     2 ||     6
       Shatter the Chain |       |       |       |       |     2 ||     2
Evoke: Wand              |       |       |       |    13 |     5 ||    18
  Use: Potion            |       |     2 |     5 |     4 |     5 ||    16
       Scroll            |       |     6 |     5 |     2 |     4 ||    17
 Stab: Sleeping          |     1 |       |     4 |     1 |       ||     6
       Invisible         |       |       |     1 |     7 |     1 ||     9
       Distracted        |       |       |       |       |     1 ||     1
Armor: Robe              |    22 |    24 |    53 |   130 |   118 ||   347
       Skin              |       |       |    39 |       |       ||    39
       Troll leather arm |       |       |       |       |    15 ||    15
Dodge: Dodged            |    45 |    64 |   107 |   338 |   432 ||   986
Block: Buckler           |       |       |       |       |    34 ||    34

Table legend: (Time is in decaauts)
 A = Elapsed time spent in this place.
 B = Non-inter-level travel time spent in this place.
 C = Inter-level travel time spent in this place.
 D = Time resting spent in this place.
 E = Time spent auto-exploring this place.
 F = Levels seen in this place.
 G = Mean time per level.
                   A        B        C        D        E       F      G
               +--------+--------+--------+--------+--------+-----+--------+
         Total |  25482 |  24832 |    650 |   8583 |  11182 |  20 | 1274.1 |
       Dungeon |  11707 |  11389 |    318 |   2863 |   6336 |  11 | 1064.3 |
        Temple |    231 |    200 |     31 |      0 |    190 |   1 |  231.0 |
          Lair |  12912 |  12612 |    300 |   5532 |   4656 |   5 | 2582.4 |
  Orcish Mines |     48 |     48 |      0 |      0 |      0 |   1 |   48.0 |
         Abyss |    426 |    426 |      0 |    127 |      0 |   1 |  426.0 |
       Volcano |    155 |    155 |      0 |     61 |      0 |   1 |  155.0 |
               +--------+--------+--------+--------+--------+-----+--------+

Top non-repeatable levels by time:
  Lair:5: 3936 daAuts
  Lair:4: 2822 daAuts
  Lair:1: 2339 daAuts
  Lair:2: 2049 daAuts
     D:7: 1876 daAuts
  Lair:3: 1764 daAuts
     D:1: 1435 daAuts
     D:5: 1303 daAuts
     D:8: 1077 daAuts
    D:10: 1033 daAuts
     D:4: 1032 daAuts
     D:2: 1029 daAuts
     D:6: 1021 daAuts
     D:9: 953 daAuts
     D:3: 934 daAuts
